 Dungeon Crawl Stone Soup version 0.22.1-1-ga44c0e56f4 (webtiles) character file.

33759 Peloso the Carver (level 13, -2/116 HPs)
             Began as a Minotaur Fighter on Oct 25, 2018.
             Was a High Priest of Okawaru.
             Killed from afar by Josephine (16 damage)
             ... with a ghostly fireball
             ... on level 5 of the Lair of Beasts.
             The game lasted 00:52:40 (16837 turns).

Peloso the Carver (Minotaur Fighter)               Turns: 16837, Time: 00:52:40

Health: -2/116     AC: 19    Str: 24    XL:     13   Next: 38%
Magic:  13/13      EV:  7    Int:  5    God:    Okawaru [*****.]
Gold:   1419       SH:  9    Dex: 16    Spells: 12/12 levels left

rFire    . . .     SeeInvis .   a - +1 long sword (slice)
rCold    . . .     Gourm    .   R - +2 buckler {rPois}
rNeg     . . .     Faith    .   b - +0 plate armour
rPois    +         Spirit   .   E - +2 hat
rElec    .         Reflect  .   k - +0 cloak {+Inv}
rCorr    .         Harm     .   (no gloves)
MR       +....                  g - +0 pair of boots
Stlth    ..........             q - amulet of regeneration
HPRegen  0.69/turn              l - +4 ring of dexterity
MPRegen  0.13/turn              p - ring of protection from magic (curse)

@: heavily drained
A: retaliatory headbutt, horns 2
a: Heroism, Finesse, Renounce Religion, Evoke Invisibility


You were on level 5 of the Lair of Beasts.
You worshipped Okawaru.
Okawaru was extremely pleased with you.
You were hungry.

You visited 3 branches of the dungeon, and saw 18 of its levels.
You also visited: Sewer, Ossuary and Bailey.

You collected 1539 gold pieces.
You spent 120 gold pieces at shops.

Inventory:

Hand Weapons
 a - a +1 long sword of slicing (weapon)
 y - the +9 war axe of Zofothria {flame, +Fly}
   (You found it on level 1 of the Lair of Beasts)

   It has been specially enchanted to burn those struck by it, causing extra
   injury to most foes and up to half again as much damage against particularly
   susceptible opponents.
   Big, fiery blades are also staple armaments of hydra-hunters.
   It lets you fly.
Armour
 b - a +0 plate armour (worn)
 g - a +0 pair of boots (worn)
 k - a +0 cloak of invisibility (worn)
 E - a +2 hat (worn)
 R - a +2 buckler of poison resistance (worn)
Jewellery
 h - the ring of Hough {rElec rF+}
   (You found it on level 4 of the Dungeon)

   [ring of protection from fire]

   It protects you from fire.
   It insulates you from electricity.
 l - a +4 ring of dexterity (left hand)
 p - a cursed ring of protection from magic (right hand)
 q - an amulet of regeneration (around neck)
 t - an uncursed ring of ice
 B - an uncursed ring of protection from cold
 G - an uncursed ring of flight
 H - an uncursed ring of magical power
 J - the ring "Dedy" {+Fly rPois Str-3 SInv Stlth+}
   (You found it in a bailey)

   [ring of strength]

   It affects your strength (-3).
   It protects you from poison.
   It lets you see invisible.
   It lets you fly.
   It makes you more stealthy.
 Q - an uncursed ring of resist corrosion
Wands
 z - a wand of random effects (35)
 A - a wand of digging (10)
Scrolls
 e - a scroll of identify
 m - 4 scrolls of teleportation
 n - a scroll of fear
 r - 4 scrolls of remove curse
 s - a scroll of acquirement
 u - a scroll of amnesia
 x - 2 scrolls of blinking
 W - 4 scrolls of magic mapping
Potions
 d - 4 potions of might
 i - a potion of invisibility
 j - 11 potions of curing
 o - 9 potions of heal wounds
 v - 2 potions of agility
 w - 4 potions of flight
 C - a potion of haste
 D - 4 potions of magic
 F - a potion of brilliance
 N - a potion of resistance
 V - a potion of berserk rage {unknown}
Miscellaneous
 c - a lamp of fire
Comestibles
 f - 25 rations


   Skills:
 + Level 11.6(8.2) Fighting
 + Level 14.5(10.9) Long Blades
 + Level 1.3(0.0) Axes
 + Level 13.2(9.7) Armour
 + Level 2.9(0.3) Dodging
 + Level 1.3(0.0) Stealth
 + Level 14.5(10.9) Shields
 + Level 1.4(0.0) Invocations
 + Level 2.0(0.0) Evocations


You had 12 spell levels left.
You didn't know any spells.
Your spell library contained the following spells:

 Spells                   Type           Power        Failure   Level  Hunger
 Corona                   Hex            #......      99%         1    ##.....
 Infusion                 Chrm           #...         99%         1    ##.....
 Summon Butterflies       Summ           #.......     99%         1    ##.....
 Shroud of Golubria       Chrm/Tloc      #.........   100%        2    ###....
 Slow                     Hex            #.......     100%        2    ###....
 Song of Slaying          Chrm           #.......     100%        2    ###....
 Call Canine Familiar     Summ           #.......     100%        3    ####...
 Inner Flame              Hex/Fire       #.......     100%        3    ####...
 Portal Projectile        Hex/Tloc       #.....       100%        3    ####...
 Regeneration             Chrm/Necr      #.........   100%        3    ####...
 Spectral Weapon          Hex/Chrm       #.......     100%        3    ####...
 Cause Fear               Hex            #.........   100%        4    #####..
 Leda's Liquefaction      Hex/Erth       #.........   100%        4    #####..
 Summon Ice Beast         Ice/Summ       #.......     100%        4    #####..
 Summon Mana Viper        Hex/Summ       #.......     100%        5    ######.
 Summon Hydra             Summ           #.........   100%        7    #######


Dungeon Overview and Level Annotations

Branches:
Dungeon (12/15)            Temple (1/1) D:7            Lair (5/6) D:11
 Shoals (0/4) Lair:2        Snake (0/4) Lair:3          Orc (0/2) D:9
  Slime: Lair:5-6

Altars:
Ashenzari
Cheibriados
Dithmenos
Elyvilon
Fedhas
Gozag
Hepliaklqana
Kikubaaqudgha
Makhleb
Nemelex Xobeh
Okawaru
Qazlal
Ru
Sif Muna
Trog
Uskayaw
Vehumet
Wu Jian
Xom
Yredelemnul
Zin
The Shining One

Shops:
D:5 %   D:6 !*   D:12 *

Annotations:
D:11 3 runed doors, Riddle's ghost, journeyman FeCK
Lair:1 1 runed door, twirl's ghost, journeyman MiBe
Lair:5 Josephine


Innate Abilities, Weirdness & Mutations

You reflexively headbutt those who attack you in melee.
You have a pair of horns on your head.


Message History

Your plate armour prevents you from hitting Josephine.
Josephine is moderately wounded.
You feel yourself speed up.
Josephine points at you and mumbles some strange words.
The ghostly flame explodes!
The ghostly fireball engulfs you!
You feel drained.
The ghostly fireball engulfs Josephine.
Josephine completely resists.
You slash Josephine!
Josephine is heavily wounded.
Josephine gestures at you while chanting.
The ghostly flame explodes!
The ghostly fireball engulfs you!
You feel drained.
* * * LOW HITPOINT WARNING * * *
The ghostly fireball engulfs Josephine.
Josephine completely resists.
You barely miss Josephine.
Josephine is heavily wounded.
You block Josephine's attack.
You slash Josephine! You headbutt Josephine.
Josephine is almost dead.
Josephine gestures at you while chanting.
The ghostly flame explodes!
The ghostly fireball engulfs you!
You feel drained.
You die...

### ## #####P##
#.#
##...#..####.#.
#..............
#P.............
##..............
#...#..@#.#.....
###....#@W......
#..#P.....P....
##.##..........
#........#.....
##.......#PP...
#...#..........
##..##...## ...
#..P###.... ...


You could see Josephine and a wraith.

Vanquished Creatures
  4 hydras
  Fannar (Lair:3)
  4 two-headed ogres
  3 death yaks
  A tengu warrior (D:10)
  2 unseen horrors (D:9)
  3 oklob plants
  An ugly thing (D:12)
  2 cyclopes (D:12)
  3 black mambas
  Maurice (D:9)
  5 spiny frogs
  A rime drake (Lair:1)
  4 komodo dragons (Lair:2)
  A troll (D:8)
  A tengu conjurer (D:9)
  Grinder (D:3)
  A polar bear (Lair:4)
  12 hippogriffs
  Sigmund (D:3)
  5 humans
  2 spriggans (Lair:4)
  A wraith (D:12)
  11 yaks
  3 hogs (D:8)
  A hungry ghost (D:7)
  2 basilisks
  A steam dragon (D:11)
  4 nagas (Lair:3)
  5 water moccasins
  8 porcupines
  11 orc warriors
  4 sky beasts
  2 ice beasts
  4 black bears
  A phantom (D:5)
  A necrophage (D:7)
  14 wolves
  3 ogres
  5 crocodiles
  15 centaurs
  5 big kobolds
  12 bullfrogs
  A wyvern zombie (D:9)
  5 wyvern skeletons
  7 scorpions
  5 killer bees (D:11)
  4 wights (D:4)
  2 howler monkeys
  2 electric eels (Lair:2)
  A bullfrog zombie (D:11)
  A quasit (D:7)
  2 centaur skeletons
  9 crimson imps
  7 hounds
  5 jellies
  2 orc priests
  Crazy Yiuf (D:3)
  3 orc wizards
  12 iguanas
  Natasha (thrice) (D:3)
  9 worker ants
  A killer bee zombie (D:9)
  3 big kobold zombies (Ossuary)
  2 mummies (Ossuary)
  A worker ant zombie (D:6)
  8 gnolls
  17 adders
  A river rat (D:11)
  5 shadow imps
  2 oozes
  2 adder zombies
  2 adder skeletons
  4 worms
  3 dart slugs
  7 leopard geckos
  51 orcs
  3 giant cockroaches
  2 gnoll zombies (Ossuary)
  15 goblins
  9 hobgoblins
  11 jackals
  34 kobolds
  5 quokkas
  3 ball pythons
  10 bats
  7 frilled lizards
  A goblin zombie (Ossuary)
  6 hobgoblin zombies (Ossuary)
  A jackal zombie (D:6)
  2 orc zombies (Ossuary)
  11 rats
  2 bushes
  A plant (Lair:3)
485 creatures vanquished.

Vanquished Creatures (others)
  3 fungi
  3 plants
  2 withered plants (Lair:1)
8 creatures vanquished.

Grand Total: 493 creatures vanquished

Notes
Turn   | Place    | Note
-------+----------+-------------------------------------------
     0 | D:1      | Peloso the Minotaur Fighter began the quest for the Orb.
     0 | D:1      | Reached XP level 1. HP: 19/19 MP: 0/0
   120 | D:1      | Reached XP level 2. HP: 27/27 MP: 1/1
   468 | D:1      | Reached XP level 3. HP: 26/33 MP: 2/2
  1090 | D:2      | Reached XP level 4. HP: 35/40 MP: 3/3
  1741 | D:3      | Reached XP level 5. HP: 44/46 MP: 4/4
  1844 | D:3      | Noticed Natasha
  1849 | D:3      | Killed Natasha
  1859 | D:3      | Noticed Natasha
  1865 | D:3      | Killed Natasha
  1865 | D:3      | Reached skill level 5 in Armour
  1908 | D:3      | Noticed Sigmund
  1940 | D:3      | Killed Sigmund
  1940 | D:3      | Reached skill level 5 in Long Blades
  1940 | D:3      | Reached skill level 5 in Shields
  1940 | D:3      | Reached XP level 6. HP: 31/53 MP: 5/5
  2072 | D:3      | Noticed Natasha
  2078 | D:3      | Killed Natasha
  2078 | D:3      | Reached skill level 1 in Stealth
  2220 | D:3      | Noticed Grinder
  2237 | D:3      | Killed Grinder
  2237 | D:3      | Reached skill level 1 in Dodging
  2237 | D:3      | Reached XP level 7. HP: 48/60 MP: 6/6
  2250 | D:3      | Reached skill level 5 in Fighting
  2373 | D:3      | Found a runed door.
  2674 | D:3      | Noticed Crazy Yiuf
  3042 | D:4      | Got a brightly glowing tin ring
  3043 | D:4      | Identified the ring of Hough {rElec rF+} (You found it on
                  | level 4 of the Dungeon)
  3937 | D:3      | Killed Crazy Yiuf
  3979 | D:5      | Entered Level 5 of the Dungeon
  4034 | D:5      | Reached XP level 8. HP: 42/68 MP: 7/7
  4572 | D:5      | Found Ocihug's Food Boutique.
  4736 | D:6      | Found a sand-covered staircase.
  4769 | Ossuary  | Entered an ossuary
  5016 | D:6      | Found Wofoogar's Distillery.
  5163 | D:6      | Found a glowing drain.
  5178 | Sewer    | Entered a sewer
  5434 | Sewer    | Reached XP level 9. HP: 75/75 MP: 8/8
  5668 | D:6      | Bought a potion of curing for 30 gold pieces
  5668 | D:6      | Bought a potion of degeneration for 10 gold pieces
  5668 | D:6      | Bought a potion of agility for 40 gold pieces
  5668 | D:6      | Bought a potion of brilliance for 40 gold pieces
  5702 | D:6      | Found Biomu's Serpentskin Sales.
  5860 | D:7      | Found a staircase to the Ecumenical Temple.
  5878 | Temple   | Entered the Ecumenical Temple
  5925 | Temple   | Became a worshipper of Warmaster Okawaru
  6084 | D:7      | Reached * piety under Okawaru
  6106 | D:7      | Found a stormy altar of Qazlal.
  6347 | D:7      | Reached skill level 10 in Long Blades
  6631 | D:8      | Reached ** piety under Okawaru
  6766 | D:8      | Reached XP level 10. HP: 82/86 MP: 9/9
  6855 | D:8      | Reached *** piety under Okawaru
  7079 | D:8      | Noticed a two-headed ogre
  7089 | D:8      | Killed a two-headed ogre
  7299 | D:9      | Reached **** piety under Okawaru
  7299 | D:9      | Reached skill level 10 in Shields
  7473 | D:9      | Noticed Maurice
  7505 | D:9      | Killed Maurice
  7505 | D:9      | Reached skill level 10 in Armour
  7626 | D:9      | Found a staircase to the Orcish Mines.
  7734 | D:9      | Found a bloodstained altar of Trog.
  7978 | D:10     | Entered Level 10 of the Dungeon
  7978 | D:10     | Noticed a tengu warrior
  7978 | D:10     | Noticed a two-headed ogre
  8123 | D:9      | Killed a two-headed ogre
  8238 | D:10     | Killed a tengu warrior
  8238 | D:10     | Reached ***** piety under Okawaru
  8238 | D:10     | Reached XP level 11. HP: 49/95 MP: 10/10
  8245 | D:9      | Received a gift from Okawaru
  8275 | D:9      | Killed an unseen horror
  8401 | D:10     | Noticed a six-headed hydra
  8487 | D:9      | Killed an unseen horror
  8630 | D:10     | Noticed a two-headed ogre
  8638 | D:10     | Killed a two-headed ogre
  8687 | D:11     | Noticed a death yak
  8708 | D:11     | Found a runed gate.
  8709 | D:11     | Found a runed gate.
  8820 | D:11     | Found a flagged portal.
  8903 | Bailey   | Entered a bailey
  9515 | Bailey   | Got a faintly glowing steel ring
  9519 | Bailey   | Identified the cursed ring "Dedy" {+Fly rPois Str-3 SInv
                  | Stlth+} (You found it in a bailey)
  9740 | D:11     | Found a runed gate.
  9752 | D:11     | Found a staircase to the Lair.
  9752 | D:11     | Noticed a death yak
  9762 | D:11     | Noticed a death yak
  9856 | D:10     | Killed a death yak
  9867 | D:10     | Killed a death yak
  9867 | D:10     | Reached skill level 1 in Evocations
  9952 | D:10     | Killed a ten-headed hydra
 10043 | D:11     | Killed a death yak
 10043 | D:11     | Reached XP level 12. HP: 51/106 MP: 11/11
 10199 | D:11     | Noticed Riddle's ghost (journeyman FeCK)
 10351 | D:11     | Found a white marble altar of Elyvilon.
 10380 | D:11     | Noticed a five-headed hydra
 10393 | D:11     | Killed a ten-headed hydra
 10393 | D:11     | Reached skill level 10 in Fighting
 11238 | D:12     | Noticed a two-headed ogre
 11255 | D:12     | Killed a two-headed ogre
 11445 | D:12     | Reached skill level 1 in Invocations
 11448 | D:12     | Received a gift from Okawaru
 11549 | D:12     | Found Ikathuaz's General Store.
 11956 | D:12     | Identified a scroll of acquirement
 12139 | Lair:1   | Entered Level 1 of the Lair of Beasts
 12343 | Lair:1   | Got a scorched war axe
 12344 | Lair:1   | Identified the +9 war axe of Zofothria {flame, +Fly} (You
                  | found it on level 1 of the Lair of Beasts)
 12430 | Lair:1   | Found a runed door.
 12431 | Lair:1   | Noticed twirl's ghost (journeyman MiBe)
 13526 | Lair:2   | Noticed a five-headed hydra
 13557 | Lair:2   | Killed a two-headed hydra
 14051 | Lair:2   | Found a staircase to the Shoals.
 14467 | Lair:3   | Reached XP level 13. HP: 82/116 MP: 13/13
 14485 | Lair:3   | Received a gift from Okawaru
 14536 | Lair:3   | Noticed Fannar
 14572 | Lair:3   | Killed Fannar
 15066 | Lair:3   | Found a staircase to the Snake Pit.
 15463 | Lair:4   | Reached skill level 1 in Axes
 16812 | Lair:5   | Noticed Josephine
 16837 | Lair:5   | Killed from afar by Josephine

Skill      XL: |  1  2  3  4  5  6  7  8  9 10 11 12 13 |
---------------+----------------------------------------+-----
Armour         | 4 5 6 8 9 10 11 12 13 | 13.2
Shields        | 4 5 6 7 9 11 12 14 | 14.5
Long Blades    | 3 4 5 6 7 9 10 12 13 14 | 14.5
Fighting       | 4 5 6 7 8 9 11 | 11.6
Stealth        | 1 |  1.3
Dodging        | 1 2 |  2.9
Evocations     | 1 2 |  2.0
Invocations    | 1 |  1.4
Axes           | 1 |  1.3

Action                   |  1- 3 |  4- 6 |  7- 9 | 10-12 | 13-15 || total
-------------------------+-------+-------+-------+-------+-------++-------
Melee: Long sword        |    85 |   120 |   445 |   984 |   294 ||  1928
       Headbutt          |    13 |    20 |   105 |   252 |    91 ||   481
       Falchion          |       |       |    55 |       |       ||    55
       War axe           |       |       |       |     4 |     9 ||    13
Invok: Heroism           |       |       |       |     7 |     1 ||     8
 Abil: Evoke Flight      |       |       |       |     6 |       ||     6
Evoke: Wand              |       |       |       |    18 |       ||    18
  Use: Scroll            |       |       |    12 |    10 |     2 ||    24
       Potion            |       |       |       |     2 |       ||     2
  Eat: Chunk             |       |     4 |    15 |    27 |     7 ||    53
       Ration            |       |       |     1 |       |       ||     1
Armor: Scale mail        |    47 |    14 |       |       |       ||    61
       Plate armour      |       |    44 |   284 |   604 |   136 ||  1068
Dodge: Dodged            |    33 |    26 |   107 |   297 |    65 ||   528
Block: Shield            |    53 |    52 |   325 |   544 |       ||   974
       Buckler           |       |       |       |   151 |    72 ||   223
       Rpst.: Long sword |    14 |     5 |    30 |    61 |    13 ||   123
       Falchion          |       |       |     1 |       |       ||     1
